 Dungeon Crawl Stone Soup version 0.31-a0-1098-g6898e6545c (webtiles) character file.

Game seed: 18282352012154032607

201 kae the Vexing (level 5, -5/37 HPs)
             Began as a Demonspawn Enchanter on Nov 30, 2023.
             Slain by Blork the orc
             ... wielding a +2 war axe of freezing
              (8 damage)
             ... on level 4 of the Dungeon.
             The game lasted 00:02:49 (2637 turns).

kae the Vexing (Demonspawn Enchanter)               Turns: 2637, Time: 00:02:49

Health: -5/37      AC: 10    Str:  7 (9)  XL:     5   Next: 50%
Magic:  2/8        EV: 12    Int: 12 (15) God:
Gold:   144        SH:  0    Dex: 17 (18) Spells: 4/9 levels left

rFire   . . .        f - +0 short sword (venom)
rCold   . . .        (no shield)
rNeg    . . .        b - +1 robe
rPois   .            (no helmet)
rElec   .            p - +2 cloak {rCorr}
rCorr   +            h - +0 pair of fencer's gloves {Riposte Dex+3}
SInv    .            (no boots)
Will    +....        (no amulet)
Stlth   +++          (no ring)
HPRegen 0.26/turn    (no ring)
MPRegen 0.11/turn

%: no passive effects
@: mighty, enlightened, flying
A: thin metallic scales 2
a: no special abilities


You were on level 4 of the Dungeon.
You visited 1 branch of the dungeon, and saw 4 of its levels.

You collected 144 gold pieces.


Innate Abilities, Weirdness & Mutations

You are mostly covered in thin metallic scales. (AC +3)


   Skills:
 + Level 1.5 Fighting
 * Level 2.4 Short Blades
 - Level 1.7 Dodging
 * Level 3.7 Stealth
 + Level 2.5 Spellcasting
 * Level 4.2 Hexes


You had 4 spell levels left.
You knew the following spells:

 Your Spells              Type           Power      Damage    Failure   Level
a - Ensorcelled Hibernat  Hex/Ice        12%        N/A       17%         2
b - Confusing Touch       Hex            11%        N/A       14%         3

Your spell library contained the following spells:

 Spells                   Type           Power      Damage    Failure   Level
 Tukima's Dance           Hex            11%        N/A       14%         3
 Dazzling Flash           Conj/Hex       12%        N/A       32%         3
 Dimensional Bullseye     Hex/Tloc       3%         N/A       73%         4
 Iskenderun's Mystic Bla  Conj/Tloc      1%         2d3       95%         4

Inventory:

Hand Weapons
 a - a +1 dagger
 f - a +0 short sword of venom (weapon)
   (You took it off a kobold on level 1 of the Dungeon)
Missiles
 d - 6 boomerangs
 e - 32 stones
 l - 3 poisoned darts
Armour
 b - a +1 robe (worn)
 h - the +0 pair of fencer's gloves (worn) {Riposte Dex+3}
   (You acquired it on level 3 of the Dungeon)

   Riposte:   It allows the wearer to riposte with melee weapons, swiftly
   retaliating against missed or blocked melee attacks.
   Dex+3:     It affects your dexterity (+3).
 p - a +2 cloak of preservation (worn)
   (You found it on level 3 of the Dungeon)
Magical Staves
 o - a staff of death {!a}
   (You found it on level 3 of the Dungeon)
Potions
 c - a potion of invisibility
 q - a potion of brilliance {unknown}
 t - a potion of mutation {unknown}

Dungeon Overview and Level Annotations

Branches:
Dungeon (4/15) Zot: 21373
 Temple: D:4-7

Altars:

Shops:
D:2 =

Annotations:
D:4 Blork the orc

#.............##..
#####..........#
#........$)#
#..........#
#..........#
#..........#
#......##.####.#
#..)... #o# #ยง#
#...... #@# #<#
#...... #.# ###
#...... ..#
#.........#
#.......... ......
....... #####....


You could see Blork the orc (fast, extremely poisoned).


Message History

๐Ÿ˜• HP[+1] Unknown command.
Casting: Ensorcelled Hibernation (safe; 14% risk of failure)
Confirm with . or Enter, or press ? or * to list all spells.
Okay, then.
You hit the phantom but do no damage.
Unknown command.
Casting: Confusing Touch (quite dangerous; 12% risk of failure)
Confirm with . or Enter, or press ? or * to list all spells.
You miscast Confusing Touch.
You are very lightly contaminated with residual magic.
Nothing appears to happen.
The phantom hits you but does no damage.
Blork the orc mumbles some strange words.
Blork the orc seems to speed up. ๐Ÿ˜• MP[-3]
You lost 3 mp, and now have 4/7 mp.
Casting: Confusing Touch (quite dangerous; 12% risk of failure)
Confirm with . or Enter, or press ? or * to list all spells.
Your hands begin to glow red.
The phantom closely misses you. ๐Ÿ˜• MP[-3]
You lost 3 mp, and now have 1/7 mp.
Unknown command.
You hit the phantom but do no damage.
The phantom appears confused.
The phantom hits you but does no damage.
You catch the helpless phantom completely off-guard!
You puncture the phantom!
The phantom hits Blork the orc. ๐Ÿ˜• HP[+1] Unknown command.
You hit the phantom.
The phantom hits you but does no damage.
The phantom hits itself.
You hit the phantom but do no damage.
You catch the helpless phantom completely off-guard!
You puncture the phantom!
The phantom hits you but does no damage.
The phantom barely misses itself.
You catch the helpless phantom completely off-guard!
You puncture the phantom!
You destroy the phantom!
Blork the orc barely misses you.
You riposte.
You completely miss Blork the orc.
You have reached level 5!
Your demonic ancestry asserts itself...
Thin metallic scales spread over more of your body. ๐Ÿ˜• HP[+5]
You now have 37 max hp (+5).
You regained 5 hp, and now have 34/37 hp.
Casting: Confusing Touch (dangerous; 11% risk of failure)
Confirm with . or Enter, or press ? or * to list all spells.
You don't have enough magic to cast this spell.
You hit Blork the orc but do no damage.
Blork the orc is poisoned.
Blork the orc misses you.
You hit Blork the orc.
Blork the orc looks even sicker.
Blork the orc hits you with a +2 war axe of freezing.
Blork the orc freezes you.
Blork the orc hits you with a +2 war axe of freezing.
Blork the orc freezes you. ๐Ÿ˜ฎ HP[-10] MP[+1]
You take 10 damage, and now have 24/37 hp.
MASSIVE DAMAGE!! (PAUSE)
You hit Blork the orc but do no damage.
Blork the orc looks as sick as possible!
Blork the orc hits you with a +2 war axe of freezing!
* * * LOW HITPOINT WARNING * * *
Blork the orc freezes you.
* * * LOW HITPOINT WARNING * * *
Your magical contamination has completely faded away. ๐Ÿ˜จ HP[-9]
You take 9 damage, and now have 15/37 hp.
MASSIVE DAMAGE!! (PAUSE)
You hit Blork the orc.
Blork the orc looks as sick as possible!
Blork the orc gestures at you while chanting.
The puff of flame hits you.
* * * LOW HITPOINT WARNING * * *
๐Ÿ˜จ HP[-4]
You take 4 damage, and now have 11/37 hp.
It was a potion of might.
You feel very mighty all of a sudden.
Blork the orc hits you with a +2 war axe of freezing.
* * * LOW HITPOINT WARNING * * *
Blork the orc freezes you.
* * * LOW HITPOINT WARNING * * *
Blork the orc misses you. ๐Ÿ˜ฑ HP[-9]
You take 9 damage, and now have 2/37 hp.
MASSIVE DAMAGE!! (PAUSE) It was a potion of enlightenment.
You feel very buoyant.
You fly up into the air.
Blork the orc barely misses you.
You riposte.
You closely miss Blork the orc. ๐Ÿ˜ฑ HP[+1] It was a potion of degeneration.
There was something very wrong with that liquid.
You feel weakened.
You feel dopey.
You feel clumsy.
Blork the orc hits you but does no damage.
Blork the orc screams, "You are the ugliest creature I've ever seen!"
Blork the orc hits you with a +2 war axe of freezing!
You die...

Skill      XL: |  1  2  3  4 |
---------------+-------------+-----
Short Blades   | 1 2 |  2.4
Stealth        | 3 |  3.7
Fighting       | 1 |  1.5
Hexes          | 4 |  4.2
Dodging        | |  1.7
Spellcasting   | |  2.5

Action                     |  1- 3 |  4- 6 || total
---------------------------+-------+-------++-------
  Melee: Dagger            |    43 |       ||    43
         Short sword       |    74 |    54 ||   128
         Punch             |     1 |     1 ||     2
   Cast: Ensorcelled Hiber |     6 |       ||     6
         Confusing Touch   |       |     1 ||     1
    Use: Scroll            |     2 |     6 ||     8
         Potion            |       |     4 ||     4
   Stab: Sleeping          |    11 |     8 ||    19
         Confused          |       |     3 ||     3
 Armour: Robe              |    65 |    28 ||    93
  Dodge: Dodged            |    75 |    27 ||   102
Riposte: Short sword       |       |     4 ||     4

Levels and vault maps discovered:
D:1:      lemuel_arrival_rhombus, layout_rooms, shapermc_ecumenical_altar_gd,
          grunt_decor_resistance
D:2:      layout_rooms, serial_shops, shop
D:3:      layout_loops_corners
D:4:      layout_basic, grunt_temple_overflow_order_and_chaos_2,
          enter_ossuary_3, uniq_blork_the_orc, uniq_natasha

Notes
Turn   | Place    | Note
-------+----------+-------------------------------------------
     0 | D:1      | kae the Demonspawn Enchanter began the quest for the Orb.
     0 | D:1      | Reached XP level 1. HP: 13/13 MP: 3/3
     0 | D:1      | magus.rc [v1.11.3]
   123 | D:1      | Reached skill level 1 in Short Blades
   192 | D:1      | You pick up a book of Weapons and begin reading...
   192 | D:1      | You add the spells Dimensional Bullseye and Iskenderun's
                  | Mystic Blast to your library.
   239 | D:1      | Gained mutation: You are partially covered in thin metallic
                  | scales. (AC +2) [demonic ancestry]
   239 | D:1      | Reached XP level 2. HP: 12/19 MP: 5/5
   282 | D:1      | Found a faded altar of an unknown god.
   305 | D:1      | Learned a level 2 spell: Ensorcelled Hibernation
   479 | D:1      | Reached skill level 3 in Stealth
   713 | D:1      | Reached XP level 3. HP: 25/25 MP: 6/6
   717 | D:1      | Learned a level 3 spell: Confusing Touch
   989 | D:2      | HP: 4/21 [kobold/+0 club (4)]
   991 | D:2      | HP: 1/21 [kobold/+0 club (2)]
  1132 | D:2      | Found Nuofigh's Jewellery Emporium.
  1170 | D:2      | HP: 5/21 [gnoll/+0 whip (5)]
  1422 | D:2      | Reached skill level 1 in Fighting
  1567 | D:3      | Reached XP level 4. HP: 28/32 MP: 4/7
  2381 | D:3      | Reached skill level 2 in Short Blades
  2453 | D:3      | Identified a scroll of acquirement
  2453 | D:3      | Acquired the +0 pair of fencer's gloves {Riposte Dex+3}
  2453 | D:3      | Found the +0 pair of fencer's gloves {Riposte Dex+3}
  2509 | D:4      | Noticed Blork the orc
  2509 | D:4      | Noticed a phantom
  2513 | D:4      | Reached skill level 4 in Hexes
  2630 | D:4      | Killed a phantom
  2631 | D:4      | Gained mutation: You are mostly covered in thin metallic
                  | scales. (AC +3) [demonic ancestry]
  2631 | D:4      | Reached XP level 5. HP: 34/37 MP: 1/8
  2635 | D:4      | HP: 5/37 [Blork the orc/+2 war axe of freezing (6)]
  2635 | D:4      | HP: 2/37 [Blork the orc/+2 war axe of freezing (3)]
  2637 | D:4      | Slain by Blork the orc

Vanquished Creatures
  A phantom (D:4)
  A jelly (D:4)
  2 gnolls
  An adder (D:3)
  A worm (D:3)
  3 dart slugs
  An orc (D:4)
  6 bats
  8 endoplasms
  A giant cockroach (D:1)
  2 goblins
  3 hobgoblins
  2 jackals (D:1)
  A quokka (D:3)
  8 ball pythons
  2 frilled lizards
  10 kobolds
  7 rats
60 creatures vanquished.

Table legend:
 A = Non-vault XP
 B = Vault XP
 C = Vault XP percentage of total XP
 D = Non-vault monster count
 E = Vault monster count
 F = Vault count percentage of total count
                 A         B        C        D         E       F
            +---------+---------+-------+---------+---------+-------
      Total |     288 |       0 |   0.0 |      60 |       0 |   0.0
            +---------+---------+-------+---------+---------+-------
        D:1 |      56 |       0 |   0.0 |      25 |       0 |   0.0
        D:2 |      37 |       0 |   0.0 |      15 |       0 |   0.0
        D:3 |      42 |       0 |   0.0 |      16 |       0 |   0.0
        D:4 |     153 |       0 |   0.0 |       4 |       0 |   0.0
            +---------+---------+-------+---------+---------+-------

Skill      XL: |  1  2  3  4 |
---------------+-------------+-----
Short Blades   | 1 2 |  2.4
Stealth        | 3 |  3.7
Fighting       | 1 |  1.5
Hexes          | 4 |  4.2
Dodging        | |  1.7
Spellcasting   | |  2.5

Action                     |  1- 3 |  4- 6 || total
---------------------------+-------+-------++-------
  Melee: Dagger            |    43 |       ||    43
         Short sword       |    74 |    54 ||   128
         Punch             |     1 |     1 ||     2
   Cast: Ensorcelled Hiber |     6 |       ||     6
         Confusing Touch   |       |     1 ||     1
    Use: Scroll            |     2 |     6 ||     8
         Potion            |       |     4 ||     4
   Stab: Sleeping          |    11 |     8 ||    19
         Confused          |       |     3 ||     3
 Armour: Robe              |    65 |    28 ||    93
  Dodge: Dodged            |    75 |    27 ||   102
Riposte: Short sword       |       |     4 ||     4

Illustrated notes

Table legend:
 A = Kills in this place as a percentage of kills in the entire game.
 B = Kills by you in this place as a percentage of kills by you in the entire game.
 C = Kills by friends in this place as a percentage of kills by friends in the entire game.
 D = Other kills in this place as a percentage of other kills in the entire game.
 E = Experience gained in this place as a percentage of experience gained in the entire game.
 F = Experience gained in this place divided by the number of levels of this place that you have seen.
                   A       B       C       D       E      F
               +-------+-------+-------+-------+-------+----------------------
         Total | 100.0 | 100.0 |   N/A |   N/A | 100.0 |  72.0
       Dungeon | 100.0 | 100.0 |   N/A |   N/A | 100.0 |  72.0
               +-------+-------+-------+-------+-------+----------------------

Table legend: (Time is in decaauts)
 A = Elapsed time spent in this place.
 B = Non-inter-level travel time spent in this place.
 C = Inter-level travel time spent in this place.
 D = Time resting spent in this place.
 E = Time spent auto-exploring this place.
 F = Levels seen in this place.
 G = Mean time per level.
                   A        B        C        D        E       F      G
               +--------+--------+--------+--------+--------+-----+--------+
         Total |   2625 |   2479 |    146 |    141 |   1835 |   4 |  656.2 |
       Dungeon |   2625 |   2479 |    146 |    141 |   1835 |   4 |  656.2 |
               +--------+--------+--------+--------+--------+-----+--------+

Top non-repeatable levels by time:
     D:3: 1036 daAuts
     D:1: 913 daAuts
     D:2: 612 daAuts
     D:4: 63 daAuts
